 Dungeon Sprint DCSS version 0.24-a0-250-g6074511092 (webtiles) character file.

Game seed: 17976876767158150500

36 Redear the Skirmisher (level 3, -2/30 HPs)
             Began as a Demonspawn Fighter on Apr 15, 2019.
             Killed from afar by Crazy Yiuf (4 damage)
             ... with a wand of flame (21)
             ... in the Dungeon (Sprint III: "The Ten Rune Challenge").
             The game lasted 00:00:43 (122 turns).

Redear the Skirmisher (Demonspawn Fighter)           Turns: 122, Time: 00:00:43

Health: -2/30      AC:  6    Str: 21    XL:     3   Next: 19%
Magic:  3/3        EV: 10    Int: 10    God:
Gold:   17         SH:  0    Dex: 12    Spells: 2/2 levels left

rFire    . . .     SeeInvis .     - Unarmed
rCold    . . .     Gourm    .   (no shield)
rNeg     . . .     Faith    .   a - +0 scale mail
rPois    .         Spirit   .   (no helmet)
rElec    .         Reflect  .   (no cloak)
rCorr    .         Harm     .   (no gloves)
MR       .....     NoTele   +   (no boots)
Stlth    ..........             (no amulet)
HPRegen  0.10/turn              (no ring)
MPRegen  0.08/turn              (no ring)

@: mighty, drained
A: claws 1, powered by death 1
a: no special abilities


You were in the Dungeon.
You were not hungry.

You visited 1 branch You collected 17 gold pieces.

Inventory:

Missiles
 e - 6 javelins (quivered)
Armour
 a - a +0 scale mail (worn)
 b - a +0 shield
Scrolls
 B - a scroll of blinking {@r4}
Potions
 d - a potion of mutation {unknown}
 f - a potion of heal wounds {@q1}
 h - 2 potions of magic
 i - a potion of berserk rage
 H - a potion of haste {@q5}
 Q - a potion of curing {@q2}
Comestibles
 g - 2 chunks of flesh
 z - a ration


   Skills:
 + Level 4.1(3.5) Fighting
 + Level 3.7(3.1) Armour
 + Level 2.3(1.7) Dodging
 + Level 3.7(3.1) Shields
 + Level 3.1(2.5) Unarmed Combat


You had 2 spell levels left.
You didn't know any spells.
Your spell library was empty.

Dungeon Overview and Level Annotations

Branches:
Dungeon (1/1)

Altars:

Annotations:
D Crazy Yiuf


Innate Abilities, Weirdness & Mutations

You have sharp fingernails.
You regenerate a little health from kills.


Message History

You closely miss Crazy Yiuf.
Crazy Yiuf hits you with a +2 quarterstaff of chaos.
You feel drained.
You take 7 damage, and have 14/30 hp.
MASSIVE DAMAGE!!
You scratch Crazy Yiuf.
Crazy Yiuf is moderately wounded.
You barely miss Crazy Yiuf.
Crazy Yiuf is moderately wounded.
Crazy Yiuf zaps a wand.
The puff of flame hits you!
* * * LOW HITPOINT WARNING * * *
You take 12 damage, and have 2/30 hp.
MASSIVE DAMAGE!!
Unknown command.
You closely miss Crazy Yiuf.
Crazy Yiuf is moderately wounded.
Crazy Yiuf closely misses you.
Unknown command.
You barely miss Crazy Yiuf.
Crazy Yiuf is moderately wounded.
Crazy Yiuf zaps a wand.
The puff of flame hits you.
You die...

▓.....#....≈♣♣♣
▓...[.#..g≈≈..♣
▓.....#..≈≈≈≈.♣
▓####'#..≈≈≈≈≈≈
▓.....#.§≈≈≈≈≈.
▓.....#.≈≈≈≈≈..
▓.....#.≈≈≈....
▓'#####........
▓....@g........
▓▓▓▓▓▓▓▓▓▓▓▓▓▓▓


You could see Crazy Yiuf.

Vanquished Creatures
  Jessica (D)
  2 oozes (D)
  A rat (D)
4 creatures vanquished.

Vanquished Creatures (others)
  A hellion (D)
  A yaktaur (D)
  3 plants (D)
5 creatures vanquished.

Grand Total: 9 creatures vanquished

Notes
Turn   | Place    | Note
-------+----------+-------------------------------------------
     0 | D        | Redear the Demonspawn Fighter began the quest for the Orb.
     0 | D        | Reached XP level 1. HP: 18/18 MP: 1/1
    14 | D        | Reached skill level 3 in Armour
    14 | D        | Reached skill level 1 in Dodging
    14 | D        | Reached skill level 3 in Shields
    14 | D        | Reached skill level 2 in Unarmed Combat
    19 | D        | Gained mutation: You regenerate a little health from kills.
                  | [demonic ancestry]
    19 | D        | Reached XP level 2. HP: 20/24 MP: 2/2
    24 | D        | Noticed Jessica
    41 | D        | Killed Jessica
    41 | D        | Reached skill level 4 in Fighting
    41 | D        | Reached skill level 2 in Dodging
    41 | D        | Reached skill level 3 in Unarmed Combat
    41 | D        | Gained mutation: You have sharp fingernails. [demonic
                  | ancestry]
    41 | D        | Reached XP level 3. HP: 17/30 MP: 3/3
    97 | D        | Killed a hellion
   106 | D        | Noticed Crazy Yiuf
   118 | D        | Killed a yaktaur
   120 | D        | HP: 2/30 [Crazy Yiuf/wand of flame (22) (12)]
   122 | D        | Killed from afar by Crazy Yiuf

Levels and vault maps discovered:
D:        dungeon_sprint_mu [sprint_mu_entry_forest, sprint_mu_temple_rooms,
          sprint_mu_d1_spiders, sprint_mu_d2_genie, sprint_mu_d3_branching,
          sprint_mu_orc_legion, sprint_mu_elf_gauntlet, sprint_mu_hive_nellie,
          sprint_mu_lair_fedhas, sprint_mu_vaults_butterflies,
          sprint_mu_slime_circle, sprint_mu_swamp_cave, sprint_mu_snake_twists,
          sprint_mu_blade_basic, sprint_mu_crypt_lich, sprint_mu_tomb_spiral,
          sprint_mu_vestibule_basic, sprint_mu_gehenna_hellfire,
          sprint_mu_dis_giant, sprint_mu_tartarus_statrot,
          sprint_mu_cocytus_islands, sprint_mu_zot1]

Skill      XL: |  1  2 |
---------------+-------+-----
Armour         | 3 |  3.7
Dodging        | 1 2 |  2.3
Shields        | 3 |  3.7
Unarmed Combat | 2 3 |  3.1
Fighting       | 4 |  4.1

Action                   || total
-------------------------++-------
Melee: Unarmed           ||    34
  Use: Potion            ||     1
Armor: Scale mail        ||    15
Dodge: Dodged            ||    27

Table legend:
 A = Non-vault XP
 B = Vault XP
 C = Vault XP percentage of total XP
 D = Non-vault monster count
 E = Vault monster count
 F = Vault count percentage of total count
                 A         B        C        D         E       F
            +---------+---------+-------+---------+---------+-------
      Total |       0 |      52 | 100.0 |       0 |       4 | 100.0
            +---------+---------+-------+---------+---------+-------
          D |       0 |      52 | 100.0 |       0 |       4 | 100.0
            +---------+---------+-------+---------+---------+-------
